 Dungeon Crawl Stone Soup version 0.31-a0-210-gccc998df9b (webtiles) character file.

Game seed: 10970017285160631315

28 qw the Shooter (level 2, -2/24 HPs)
             Began as a Minotaur Hexslinger on June 30, 2023.
             Slain by a quokka (4 damage)
             ... on level 2 of the Dungeon.
             The game lasted 00:00:12 (673 turns).

qw the Shooter (Minotaur Hexslinger)                 Turns: 673, Time: 00:00:12

Health: -2/24      AC:  2    Str: 12    XL:     2   Next: 96%
Magic:  2/2        EV: 12    Int: 10    God:
Gold:   27         SH:  0    Dex: 12    Spells: 2/3 levels left

rFire   . . .        Y - +1 sling
rCold   . . .        (no shield)
rNeg    . . .        c - +0 robe
rPois   .            (helmet restricted)
rElec   .            (no cloak)
rCorr   .            (no gloves)
SInv    .            (no boots)
Will    .....        (no amulet)
Stlth   +            (no ring)
HPRegen 0.24/turn    (no ring)
MPRegen 0.08/turn

%: no passive effects
@: lethally poisoned (-2 -> -3)
A: horns 2, retaliatory headbutt
a: no special abilities


You were on level 2 of the Dungeon.
You visited 1 branch of the dungeon, and saw 2 of its levels.

You collected 27 gold pieces.


Innate Abilities, Weirdness & Mutations

You have a pair of horns on your head.
You reflexively headbutt those who attack you in melee.


   Skills:
 - Level 2.0 Fighting
 + Level 3.5 Ranged Weapons
 - Level 2.1 Dodging
 - Level 1.0 Spellcasting
 - Level 2.0 Hexes


You had 2 spell levels left.
You knew the following spells:

 Your Spells              Type           Power      Damage    Failure   Level
a - Slow                  Hex            16%        N/A       16%         1

Your spell library contained the following spells:

 Spells                   Type           Power      Damage    Failure   Level
 Inner Flame              Hex/Fire       2%         N/A       56%         3
 Portal Projectile        Hex/Tloc       4%         N/A       56%         3
 Cause Fear               Hex            2%         N/A       83%         4

Inventory:

Hand Weapons
 Y - a +1 sling (weapon)
Armour
 c - a +0 robe (worn)

Dungeon Overview and Level Annotations

Branches:
Dungeon (2/15)

Altars:


Message History

You now have 27 gold pieces (gained 3).
A ball python comes into view.
The ball python moves out of view.
A ball python, an adder and a hobgoblin come into view.
The ball python hisses angrily.
The hobgoblin shouts!
The adder hisses angrily.
You hear a shout!
You shoot a sling bullet. The sling bullet hits the hobgoblin.
The hobgoblin is lightly wounded.
A bat comes into view.
You shoot a sling bullet.
The sling bullet hits the hobgoblin but does no damage.
The hobgoblin is lightly wounded.
The hobgoblin hits you.
You shoot a sling bullet. The sling bullet hits the hobgoblin.
You kill the hobgoblin!
The ball python bites you. The ball python closely misses you.
A quokka comes into view.
You shoot a sling bullet.
The sling bullet hits the adder but does no damage.
The adder bites you.
You are poisoned.
The adder poisons you! The ball python misses you.
The ball python barely misses you. The adder barely misses you.
You furiously retaliate!
You headbutt the adder. The ball python bites you. The ball python grabs you.
The ball python constricts you.
You shoot a sling bullet.
The sling bullet barely misses the ball python.
The sling bullet closely misses the bat.
You feel sick.
The quokka twitches its whiskers.
The adder bites you.
The ball python bites you but does no damage.
The ball python constricts you.
You shoot a sling bullet. The sling bullet hits the ball python.
You kill the ball python!
You feel sick. The bat misses you. The adder bites you. x2
You shoot a sling bullet. The sling bullet hits the adder.
The adder is moderately wounded.
You feel sick. The quokka bites you. The adder bites you. The quokka bites you.
You die...

... #.... ... #...
. . .. ...# .. ..
.. ...# ... ...
.###...# .... ....
... #.# ..... .....
#.###.#......
......#<#..@rb.....
..........##S......
.........## .......
......#### .......
<..... ..##.#.
...... ..# # .....
..# ..... ... ....


You could see an adder, a quokka and a bat.

Vanquished Creatures
  A dart slug (D:1)
  4 bats (D:1)
  An endoplasm (D:1)
  2 giant cockroaches (D:1)
  3 goblins (D:1)
  2 hobgoblins (D:2)
  3 jackals (D:1)
  2 quokkas (D:1)
  A ball python (D:2)
  A frilled lizard (D:1)
  A rat (D:1)
21 creatures vanquished.

Notes
Turn   | Place    | Note
-------+----------+-------------------------------------------
     0 | D:1      | qw the Minotaur Hexslinger began the quest for the Orb.
     0 | D:1      | Reached XP level 1. HP: 16/16 MP: 1/1
     0 | D:1      | 0 ||| qw: Version: 0.3-a-26-gee661ec
     0 | D:1      | 0 ||| qw: Game counter: 7268
     0 | D:1      | 0 ||| qw: Melee chars always use a shield: true
     0 | D:1      | 0 ||| qw: God list: Okawaru
     0 | D:1      | 0 ||| qw: Allow faded altars: false
     0 | D:1      | 0 ||| qw: Do Orc after clearing Dungeon:15 true
     0 | D:1      | 0 ||| qw: Do second Lair branch before Depths: true
     0 | D:1      | 0 ||| qw: Lair rune preference: random
     0 | D:1      | 0 ||| qw: Goals: Normal
     0 | D:1      | 0 ||| PLANNING D:1-11
   182 | D:1      | Reached skill level 3 in Ranged Weapons
   182 | D:1      | Reached XP level 2. HP: 23/23 MP: 2/2
   638 | D:1      | 638 ||| READING scroll labelled AFESOI BIUL.
   639 | D:1      | 639 ||| READING scroll labelled WYPSACW DUNA.
   640 | D:1      | 640 ||| READING scroll labelled SADYOFA BEAHO.
   641 | D:1      | 641 ||| DROPPING scroll of poison.
   673 | D:2      | HP: 5/24 [quokka (4)]
   673 | D:2      | HP: 2/24 [adder (3)]
   673 | D:2      | Slain by a quokka

Levels and vault maps discovered:
D:1:      minmay_arrival_widening_spiral_wide, layout_loops_ring, st_stairs_4
D:2:      layout_rooms

Skill      XL: |  1  2 |
---------------+-------+-----
Ranged Weapons | 3 |  3.5
Fighting       | 2 |  2.0
Dodging        | |  2.1
Spellcasting   | |  1.0
Hexes          | |  2.0

Action                     || total
---------------------------++-------
   Fire: Sling             ||    45
    Use: Scroll            ||     3
 Armour: Robe              ||     1
  Dodge: Dodged            ||    12

Table legend:
 A = Non-vault XP
 B = Vault XP
 C = Vault XP percentage of total XP
 D = Non-vault monster count
 E = Vault monster count
 F = Vault count percentage of total count
                 A         B        C        D         E       F
            +---------+---------+-------+---------+---------+-------
      Total |      36 |       4 |  10.0 |      19 |       2 |   9.5
            +---------+---------+-------+---------+---------+-------
        D:1 |      31 |       4 |  11.4 |      16 |       2 |  11.1
        D:2 |       5 |       0 |   0.0 |       3 |       0 |   0.0
            +---------+---------+-------+---------+---------+-------
